Flyers vs Senators

Created - November 17 2007 at 11:31

Goals
1 2 3 T
Flyers 0 0 0 0
Senators 1 1 1 3
Shots
1 2 3 T
Flyers 5 4 7 16
Senators 11 12 13 36

Period #1

1. Senators , Anton Volchenkov 6 (Ilya Kovalchuk, Jason Spezza) at 1:45 (PP)

Penalties :
Pavel Kubina (PHI) for Tripping (Minor) at 0:13, Denis Gauthier (PHI) for Elbowing (Minor) at 0:46, Tom Preissing (OTT) for Hooking (Minor) at 9:16, Denis Gauthier (PHI) for Tripping (Minor) at 15:14

Period #2

2. Senators , Brent Seabrook 1 (Peter Schaefer, Mike Cammalleri) at 17:44

Penalties :
Tomas Holmstrom (PHI) for Hooking (Minor) at 0:15, Wade Redden (PHI) for High sticking (Minor) at 4:46, Dustin Penner (OTT) for Roughing (Minor) at 9:43, Pavel Kubina (PHI) for High sticking (Minor) at 12:26, Todd White (PHI) for Interference (Minor) at 14:52, Anton Volchenkov (OTT) for Interference (Minor) at 18:31

Period #3

3. Senators , Ilya Kovalchuk 7 (Antoine Vermette) at 12:25

Penalties :
Jay Bouwmeester (OTT) for Roughing (Minor) at 0:45, Denis Gauthier (PHI) for Hooking (Minor) at 9:22, Mike Knuble (PHI) for Holding (Minor) at 12:40

Goalie Stats

Chris Osgood (PHI), 33 saves from 36 shots - (0.917), L, 14-7-1, 60:00 minutes
Pascal Leclaire (OTT), 16 saves from 16 shots - (1.000), W, 6-3-1, 60:00 minutes

Players Stats

Flyers
Player Name              G  A  P  +/- PIM S  H  SB FO MP 
-----------------------------------------------------------
Branislav Mezei          0  0  0   0  0   0  1  3  0  20 
Branko Radivojevic       0  0  0   0  0   1  0  0  0  5  
Darryl Sydor             0  0  0  -1  0   0  0  2  0  21 
Denis Gauthier           0  0  0   0  6   0  0  1  0  20 
Jeff Friesen             0  0  0   0  0   0  1  0  1  14 
Jiri Hudler              0  0  0  -1  0   1  0  1  0  19 
Keith Tkachuk            0  0  0  -1  0   2  1  0  2  17 
Michal Handzus           0  0  0   0  0   2  0  0  19 17 
Mike Knuble              0  0  0  -1  2   2  1  1  0  17 
Mike Rathje              0  0  0   0  0   0  0  0  0  18 
Pavel Kubina             0  0  0  -1  4   1  0  1  0  21 
Peter Forsberg           0  0  0  -1  0   1  0  1  16 17 
Samuel Pahlsson          0  0  0   0  0   1  0  0  23 15 
Sergei Samsonov          0  0  0   0  0   0  0  0  0  10 
Simon Gagne              0  0  0  -1  0   2  0  0  2  17 
Todd White               0  0  0  -1  2   3  0  0  12 17 
Tomas Holmstrom          0  0  0  -1  2   0  1  0  1  15 
Wade Redden              0  0  0  -1  2   0  1  1  0  21 
Senators
Player Name              G  A  P  +/- PIM S  H  SB FO MP 
-----------------------------------------------------------
Alexander Radulov        0  0  0   1  0   2  0  0  0  13 
Antoine Vermette         0  1  1   1  0   4  0  0  25 21 
Anton Volchenkov         1  0  1   1  2   2  1  0  0  23 
Brent Seabrook           1  0  1   1  0   1  2  0  0  13 
Chris Kelly              0  0  0   0  0   1  0  1  13 14 
Dan Hamhuis              0  0  0   0  0   1  0  1  0  23 
Dustin Penner            0  0  0   0  2   2  0  0  2  16 
Ilya Kovalchuk           1  1  2   1  0   6  2  0  1  19 
Jason Spezza             0  1  1   0  0   6  1  0  19 16 
Jay Bouwmeester          0  0  0   0  2   0  3  0  0  24 
Jean-Pierre Dumont       0  0  0   0  0   1  0  0  2  17 
Marc-Andre Bergeron      0  0  0   1  0   1  0  1  0  21 
Mike Cammalleri          0  1  1   1  0   6  0  0  1  20 
Patrick Eaves            0  0  0   0  0   1  0  0  0  9  
Peter Schaefer           0  1  1   1  0   0  0  1  1  18 
Petr Prucha              0  0  0   0  0   1  1  0  0  9  
Rostislav Olesz          0  0  0   1  0   1  0  0  12 13 
Tom Preissing            0  0  0   1  2   0  1  1  0  18 

3 Stars

1 - Pascal Leclaire (OTT)
2 - Ilya Kovalchuk (OTT)
3 - Brent Seabrook (OTT)

Power Play

Flyers - 0 on 4 Attempt(s) - 0.00%
Senators - 1 on 9 Attempt(s) - 11.11%

Penalty Kill

Flyers - 8 on 9 Attempt(s) - 88.89% - Score 0 goal in Penalty Kill
Senators - 4 on 4 Attempt(s) - 100.00% - Score 0 goal in Penalty Kill

Game Notes

No Game Note

Finance

Level 1 -- Attendance: 5152 (85.86%) -- Ticket Income $437,920.00
Level 2 -- Attendance: 4400 (83.80%) -- Ticket Income $206,800.00
Level 3 -- Attendance: 2112 (93.85%) -- Ticket Income $63,360.00
Level 4 -- Attendance: 3485 (87.14%) -- Ticket Income $69,700.00
Luxury Box -- Attendance: 939 (93.93%) -- Ticket Income $164,325.00
Game was played at the Corel Centre
Total Attendance: 16088 (86.96%)
Total Ticket Income: $993,206.60
Other Income: $129,730.80
Total Income: $1,122,938.00


Play by Play

Period #1

0:01 of 1st period - Jason Spezza wins face-off versus Peter Forsberg in neutral zone.
0:12 of 1st period - Shot by Dustin Penner.
0:12 of 1st period - Deflect By Jason Spezza.
0:12 of 1st period - Shot Misses the Net.
0:13 of 1st period - Minor Penalty to Pavel Kubina for Tripping.
0:14 of 1st period - Michal Handzus wins face-off versus Jason Spezza in Flyers zone.
0:35 of 1st period - Shot by Ilya Kovalchuk.
0:35 of 1st period - Stopped by Chris Osgood without a rebound.
0:36 of 1st period - Samuel Pahlsson wins face-off versus Dustin Penner in Flyers zone.
0:46 of 1st period - Minor Penalty to Denis Gauthier for Elbowing.
0:47 of 1st period - Antoine Vermette wins face-off versus Michal Handzus in Senators zone.
1:24 of 1st period - Shot by Jean-Pierre Dumont.
1:24 of 1st period - Stopped by Chris Osgood without a rebound.
1:25 of 1st period - Samuel Pahlsson wins face-off versus Jason Spezza in Flyers zone.
1:43 of 1st period - Shot by Jason Spezza.
1:43 of 1st period - Deflect By Ilya Kovalchuk.
1:43 of 1st period - Shot Blocked by Darryl Sydor.
1:45 of 1st period - Shot by Anton Volchenkov.
1:45 of 1st period - Goal by Anton Volchenkov - Flyers : 0 - Senators : 1.
1:46 of 1st period - Michal Handzus wins face-off versus Jason Spezza in neutral zone.
3:04 of 1st period - Shot by Mike Cammalleri.
3:04 of 1st period - Deflect By Rostislav Olesz.
3:04 of 1st period - Shot Misses the Net.
3:08 of 1st period - Shot by Mike Cammalleri.
3:08 of 1st period - Stopped by Chris Osgood without a rebound.
3:09 of 1st period - Peter Forsberg wins face-off versus Chris Kelly in Flyers zone.
3:17 of 1st period - Wade Redden is hit by Petr Prucha and loses puck.
4:02 of 1st period - Shot by Ilya Kovalchuk.
4:02 of 1st period - Shot Blocked by Wade Redden.
4:04 of 1st period - Shot by Ilya Kovalchuk.
4:04 of 1st period - Stopped by Chris Osgood without a rebound.
4:05 of 1st period - Todd White wins face-off versus Rostislav Olesz in Flyers zone.
4:07 of 1st period - Icing by Keith Tkachuk.
4:08 of 1st period - Antoine Vermette wins face-off versus Todd White in Flyers zone.
4:21 of 1st period - Shot by Antoine Vermette.
4:21 of 1st period - Stopped by Chris Osgood without a rebound.
4:22 of 1st period - Michal Handzus wins face-off versus Rostislav Olesz in Flyers zone.
4:39 of 1st period - Shot by Michal Handzus.
4:39 of 1st period - Stopped by Pascal Leclaire with a rebound.
4:44 of 1st period - Mike Cammalleri is hit by Branislav Mezei and loses puck.
5:22 of 1st period - Off-side.
5:23 of 1st period - Jason Spezza wins face-off versus Todd White in neutral zone.
6:13 of 1st period - Icing by Denis Gauthier.
6:14 of 1st period - Antoine Vermette wins face-off versus Todd White in Flyers zone.
6:53 of 1st period - Shot by Ilya Kovalchuk.
6:53 of 1st period - Shot Misses the Net.
7:44 of 1st period - Off-side.
7:45 of 1st period - Michal Handzus wins face-off versus Jean-Pierre Dumont in neutral zone.
7:45 of 1st period - Jiri Hudler is hit by Jason Spezza and loses puck.
8:00 of 1st period - Shot by Jean-Pierre Dumont.
8:00 of 1st period - Deflect By Jason Spezza.
8:00 of 1st period - Shot Blocked by Branislav Mezei.
8:16 of 1st period - Shot by Jason Spezza.
8:16 of 1st period - Stopped by Chris Osgood with a rebound.
8:18 of 1st period - Shot by Dan Hamhuis.
8:18 of 1st period - Deflect By Jason Spezza.
8:18 of 1st period - Stopped by Chris Osgood with a rebound.
8:22 of 1st period - Shot by Jason Spezza.
8:22 of 1st period - Shot Misses the Net.
8:24 of 1st period - Shot by Jay Bouwmeester.
8:24 of 1st period - Shot Misses the Net.
8:29 of 1st period - Icing by Branislav Mezei.
8:30 of 1st period - Michal Handzus wins face-off versus Antoine Vermette in Flyers zone.
8:51 of 1st period - Shot by Ilya Kovalchuk.
8:51 of 1st period - Stopped by Chris Osgood without a rebound.
8:52 of 1st period - Peter Forsberg wins face-off versus Rostislav Olesz in Flyers zone.
9:09 of 1st period - Shot by Simon Gagne.
9:09 of 1st period - Shot Misses the Net.
9:11 of 1st period - Shot by Simon Gagne.
9:11 of 1st period - Stopped by Pascal Leclaire without a rebound.
9:12 of 1st period - Samuel Pahlsson wins face-off versus Antoine Vermette in Senators zone.
9:16 of 1st period - Minor Penalty to Tom Preissing for Hooking.
9:17 of 1st period - Antoine Vermette wins face-off versus Simon Gagne in Senators zone.
9:46 of 1st period - Shot by Peter Forsberg.
9:46 of 1st period - Shot Misses the Net.
10:02 of 1st period - Shot by Keith Tkachuk.
10:02 of 1st period - Deflect By Todd White.
10:02 of 1st period - Stopped by Pascal Leclaire with a rebound.
10:42 of 1st period - Shot by Simon Gagne.
10:42 of 1st period - Deflect By Peter Forsberg.
10:42 of 1st period - Stopped by Pascal Leclaire with a rebound.
11:22 of 1st period - Shot by Jiri Hudler.
11:22 of 1st period - Shot Misses the Net.
11:26 of 1st period - Shot by Jiri Hudler.
11:26 of 1st period - Shot Misses the Net.
11:30 of 1st period - Shot by Jiri Hudler.
11:30 of 1st period - Shot Misses the Net.
11:32 of 1st period - Shot by Michal Handzus.
11:32 of 1st period - Shot Misses the Net.
11:36 of 1st period - Shot by Jiri Hudler.
11:36 of 1st period - Shot Misses the Net.
11:40 of 1st period - Shot by Jiri Hudler.
11:40 of 1st period - Deflect By Sergei Samsonov.
11:40 of 1st period - Shot Misses the Net.
11:44 of 1st period - Shot by Michal Handzus.
11:44 of 1st period - Shot Misses the Net.
12:20 of 1st period - Shot by Jeff Friesen.
12:20 of 1st period - Shot Misses the Net.
12:22 of 1st period - Shot by Branko Radivojevic.
12:22 of 1st period - Stopped by Pascal Leclaire without a rebound.
12:23 of 1st period - Rostislav Olesz wins face-off versus Todd White in Senators zone.
13:15 of 1st period - Icing by Pavel Kubina.
13:16 of 1st period - Ilya Kovalchuk wins face-off versus Peter Forsberg in Flyers zone.
13:24 of 1st period - Icing by Tomas Holmstrom.
13:25 of 1st period - Chris Kelly wins face-off versus Peter Forsberg in Flyers zone.
14:01 of 1st period - Shot by Jiri Hudler.
14:01 of 1st period - Shot Blocked by Marc-Andre Bergeron.
14:03 of 1st period - Shot by Jiri Hudler.
14:03 of 1st period - Shot Misses the Net.
14:05 of 1st period - Shot by Branislav Mezei.
14:05 of 1st period - Shot Misses the Net.
14:07 of 1st period - Shot by Michal Handzus.
14:07 of 1st period - Shot Misses the Net.
14:13 of 1st period - Shot by Darryl Sydor.
14:13 of 1st period - Deflect By Jiri Hudler.
14:13 of 1st period - Shot Misses the Net.
14:23 of 1st period - Shot by Michal Handzus.
14:23 of 1st period - Shot Misses the Net.
14:56 of 1st period - Peter Schaefer is hit by Keith Tkachuk and loses puck.
15:14 of 1st period - Minor Penalty to Denis Gauthier for Tripping.
15:15 of 1st period - Samuel Pahlsson wins face-off versus Antoine Vermette in neutral zone.
15:32 of 1st period - Shot by Dustin Penner.
15:32 of 1st period - Shot Blocked by Branislav Mezei.
15:49 of 1st period - Icing by Tom Preissing.
15:50 of 1st period - Antoine Vermette wins face-off versus Samuel Pahlsson in Senators zone.
18:27 of 1st period - Shot by Petr Prucha.
18:27 of 1st period - Shot Misses the Net.
18:53 of 1st period - Shot by Jean-Pierre Dumont.
18:53 of 1st period - Shot Blocked by Pavel Kubina.
18:55 of 1st period - Shot by Dustin Penner.
18:55 of 1st period - Shot Hit the Post.
18:59 of 1st period - Shot by Jason Spezza.
18:59 of 1st period - Stopped by Chris Osgood with a rebound.
19:03 of 1st period - Shot by Jason Spezza.
19:03 of 1st period - Deflect By Dustin Penner.
19:03 of 1st period - Stopped by Chris Osgood without a rebound.
19:04 of 1st period - Rostislav Olesz wins face-off versus Michal Handzus in Flyers zone.
19:05 of 1st period - Shot by Peter Schaefer.
19:05 of 1st period - Shot Misses the Net.
19:45 of 1st period - Icing by Branislav Mezei.
19:46 of 1st period - Michal Handzus wins face-off versus Antoine Vermette in Flyers zone.

Period #2

0:01 of 2nd period - Jason Spezza wins face-off versus Peter Forsberg in neutral zone.
0:15 of 2nd period - Minor Penalty to Tomas Holmstrom for Hooking.
0:16 of 2nd period - Jason Spezza wins face-off versus Michal Handzus in Flyers zone.
0:19 of 2nd period - Shot by Ilya Kovalchuk.
0:19 of 2nd period - Shot Misses the Net.
0:21 of 2nd period - Shot by Mike Cammalleri.
0:21 of 2nd period - Shot Misses the Net.
0:25 of 2nd period - Shot by Jason Spezza.
0:25 of 2nd period - Stopped by Chris Osgood without a rebound.
0:26 of 2nd period - Samuel Pahlsson wins face-off versus Antoine Vermette in Flyers zone.
0:47 of 2nd period - Shot by Dustin Penner.
0:47 of 2nd period - Shot Misses the Net.
1:52 of 2nd period - Shot by Mike Cammalleri.
1:52 of 2nd period - Stopped by Chris Osgood with a rebound.
1:56 of 2nd period - Shot by Mike Cammalleri.
1:56 of 2nd period - Shot Misses the Net.
2:00 of 2nd period - Shot by Jason Spezza.
2:00 of 2nd period - Stopped by Chris Osgood with a rebound.
2:35 of 2nd period - Patrick Eaves is hit by Mike Knuble and loses puck.
2:42 of 2nd period - Shot by Chris Kelly.
2:42 of 2nd period - Stopped by Chris Osgood with a rebound.
2:58 of 2nd period - Off-side.
2:59 of 2nd period - Rostislav Olesz wins face-off versus Peter Forsberg in neutral zone.
3:04 of 2nd period - Shot by Mike Cammalleri.
3:04 of 2nd period - Stopped by Chris Osgood without a rebound.
3:05 of 2nd period - Antoine Vermette wins face-off versus Michal Handzus in Flyers zone.
3:10 of 2nd period - Shot by Ilya Kovalchuk.
3:10 of 2nd period - Stopped by Chris Osgood with a rebound.
4:22 of 2nd period - Shot by Mike Cammalleri.
4:22 of 2nd period - Stopped by Chris Osgood without a rebound.
4:23 of 2nd period - Peter Forsberg wins face-off versus Jason Spezza in Flyers zone.
4:30 of 2nd period - Shot by Simon Gagne.
4:30 of 2nd period - Stopped by Pascal Leclaire without a rebound.
4:31 of 2nd period - Samuel Pahlsson wins face-off versus Chris Kelly in Senators zone.
4:35 of 2nd period - Icing by Jay Bouwmeester.
4:36 of 2nd period - Chris Kelly wins face-off versus Peter Forsberg in Senators zone.
4:40 of 2nd period - Patrick Eaves is hit by Wade Redden and loses puck.
4:46 of 2nd period - Minor Penalty to Wade Redden for High sticking.
4:47 of 2nd period - Antoine Vermette wins face-off versus Samuel Pahlsson in neutral zone.
4:54 of 2nd period - Shot by Dustin Penner.
4:54 of 2nd period - Shot Misses the Net.
4:56 of 2nd period - Shot by Marc-Andre Bergeron.
4:56 of 2nd period - Stopped by Chris Osgood without a rebound.
4:57 of 2nd period - Samuel Pahlsson wins face-off versus Jason Spezza in Flyers zone.
5:09 of 2nd period - Icing by Jason Spezza.
5:10 of 2nd period - Samuel Pahlsson wins face-off versus Jason Spezza in Senators zone.
6:38 of 2nd period - Shot by Ilya Kovalchuk.
6:38 of 2nd period - Shot Blocked by Denis Gauthier.
7:22 of 2nd period - Wade Redden is hit by Tom Preissing and loses puck.
7:30 of 2nd period - Icing by Branislav Mezei.
7:31 of 2nd period - Rostislav Olesz wins face-off versus Tomas Holmstrom in Flyers zone.
7:33 of 2nd period - Peter Schaefer is hit by Tomas Holmstrom and loses puck.
9:28 of 2nd period - Shot by Mike Knuble.
9:28 of 2nd period - Stopped by Pascal Leclaire without a rebound.
9:29 of 2nd period - Samuel Pahlsson wins face-off versus Jean-Pierre Dumont in Senators zone.
9:32 of 2nd period - Shot by Branko Radivojevic.
9:32 of 2nd period - Shot Misses the Net.
9:36 of 2nd period - Shot by Samuel Pahlsson.
9:36 of 2nd period - Stopped by Pascal Leclaire with a rebound.
9:41 of 2nd period - Jeff Friesen is hit by Jay Bouwmeester and loses puck.
9:43 of 2nd period - Minor Penalty to Dustin Penner for Roughing.
9:44 of 2nd period - Chris Kelly wins face-off versus Todd White in Senators zone.
9:57 of 2nd period - Shot by Todd White.
9:57 of 2nd period - Shot Blocked by Peter Schaefer.
10:51 of 2nd period - Icing by Samuel Pahlsson.
10:52 of 2nd period - Chris Kelly wins face-off versus Jeff Friesen in Flyers zone.
12:26 of 2nd period - Minor Penalty to Pavel Kubina for High sticking.
12:27 of 2nd period - Michal Handzus wins face-off versus Antoine Vermette in Senators zone.
12:37 of 2nd period - Icing by Marc-Andre Bergeron.
12:38 of 2nd period - Simon Gagne wins face-off versus Antoine Vermette in Senators zone.
12:39 of 2nd period - Shot by Tomas Holmstrom.
12:39 of 2nd period - Shot Misses the Net.
12:49 of 2nd period - Shot by Antoine Vermette.
12:49 of 2nd period - Stopped by Chris Osgood without a rebound.
12:50 of 2nd period - Jason Spezza wins face-off versus Michal Handzus in Flyers zone.
12:53 of 2nd period - Shot by Ilya Kovalchuk.
12:53 of 2nd period - Stopped by Chris Osgood without a rebound.
12:54 of 2nd period - Jason Spezza wins face-off versus Michal Handzus in Flyers zone.
13:29 of 2nd period - Shot by Mike Cammalleri.
13:29 of 2nd period - Shot Blocked by Peter Forsberg.
13:33 of 2nd period - Shot by Mike Cammalleri.
13:33 of 2nd period - Shot Blocked by Jiri Hudler.
14:19 of 2nd period - Icing by Jean-Pierre Dumont.
14:20 of 2nd period - Antoine Vermette wins face-off versus Samuel Pahlsson in Senators zone.
14:34 of 2nd period - Mike Knuble is hit by Brent Seabrook and loses puck.
14:52 of 2nd period - Minor Penalty to Todd White for Interference.
14:53 of 2nd period - Samuel Pahlsson wins face-off versus Jason Spezza in Flyers zone.
15:04 of 2nd period - Shot by Alexander Radulov.
15:04 of 2nd period - Stopped by Chris Osgood without a rebound.
15:05 of 2nd period - Jason Spezza wins face-off versus Samuel Pahlsson in Flyers zone.
15:36 of 2nd period - Shot by Denis Gauthier.
15:36 of 2nd period - Deflect By Jiri Hudler.
15:36 of 2nd period - Stopped by Pascal Leclaire with a rebound.
16:47 of 2nd period - Jiri Hudler is hit by Jay Bouwmeester and loses puck.
17:40 of 2nd period - Shot by Mike Cammalleri.
17:40 of 2nd period - Shot Blocked by Darryl Sydor.
17:42 of 2nd period - Shot by Peter Schaefer.
17:42 of 2nd period - Shot Misses the Net.
17:44 of 2nd period - Shot by Brent Seabrook.
17:44 of 2nd period - Goal by Brent Seabrook - Flyers : 0 - Senators : 2.
17:45 of 2nd period - Peter Forsberg wins face-off versus Antoine Vermette in neutral zone.
18:31 of 2nd period - Minor Penalty to Anton Volchenkov for Interference.
18:32 of 2nd period - Chris Kelly wins face-off versus Todd White in Flyers zone.
18:58 of 2nd period - Shot by Keith Tkachuk.
18:58 of 2nd period - Shot Blocked by Tom Preissing.
19:51 of 2nd period - Icing by Denis Gauthier.
19:52 of 2nd period - Antoine Vermette wins face-off versus Todd White in Flyers zone.
19:58 of 2nd period - Todd White is hit by Ilya Kovalchuk and loses puck.

Period #3

0:01 of 3rd period - Chris Kelly wins face-off versus Peter Forsberg in neutral zone.
0:45 of 3rd period - Minor Penalty to Jay Bouwmeester for Roughing.
0:46 of 3rd period - Antoine Vermette wins face-off versus Todd White in Senators zone.
0:57 of 3rd period - Shot by Mike Knuble.
0:57 of 3rd period - Shot Misses the Net.
0:59 of 3rd period - Shot by Todd White.
0:59 of 3rd period - Stopped by Pascal Leclaire with a rebound.
1:01 of 3rd period - Shot by Todd White.
1:01 of 3rd period - Shot Blocked by Chris Kelly.
1:03 of 3rd period - Shot by Todd White.
1:03 of 3rd period - Stopped by Pascal Leclaire without a rebound.
1:04 of 3rd period - Antoine Vermette wins face-off versus Peter Forsberg in Senators zone.
2:18 of 3rd period - Shot by Mike Knuble.
2:18 of 3rd period - Shot Misses the Net.
3:01 of 3rd period - Icing by Chris Kelly.
3:02 of 3rd period - Samuel Pahlsson wins face-off versus Jason Spezza in Senators zone.
3:49 of 3rd period - Shot by Alexander Radulov.
3:49 of 3rd period - Deflect By Ilya Kovalchuk.
3:49 of 3rd period - Shot Misses the Net.
4:06 of 3rd period - Off-side.
4:07 of 3rd period - Michal Handzus wins face-off versus Rostislav Olesz in neutral zone.
4:11 of 3rd period - Jiri Hudler is hit by Brent Seabrook and loses puck.
4:14 of 3rd period - Shot by Michal Handzus.
4:14 of 3rd period - Shot Misses the Net.
7:14 of 3rd period - Shot by Rostislav Olesz.
7:14 of 3rd period - Stopped by Chris Osgood without a rebound.
7:15 of 3rd period - Keith Tkachuk wins face-off versus Chris Kelly in Flyers zone.
7:45 of 3rd period - Icing by Chris Kelly.
7:46 of 3rd period - Michal Handzus wins face-off versus Chris Kelly in Senators zone.
7:47 of 3rd period - Shot by Jiri Hudler.
7:47 of 3rd period - Deflect By Michal Handzus.
7:47 of 3rd period - Shot Misses the Net.
7:57 of 3rd period - Shot by Sergei Samsonov.
7:57 of 3rd period - Deflect By Jiri Hudler.
7:57 of 3rd period - Shot Blocked by Dan Hamhuis.
8:01 of 3rd period - Shot by Michal Handzus.
8:01 of 3rd period - Shot Misses the Net.
8:47 of 3rd period - Shot by Alexander Radulov.
8:47 of 3rd period - Stopped by Chris Osgood without a rebound.
8:48 of 3rd period - Rostislav Olesz wins face-off versus Keith Tkachuk in Flyers zone.
8:49 of 3rd period - Shot by Mike Cammalleri.
8:49 of 3rd period - Shot Misses the Net.
9:11 of 3rd period - Shot by Todd White.
9:11 of 3rd period - Deflect By Mike Knuble.
9:11 of 3rd period - Shot Misses the Net.
9:22 of 3rd period - Minor Penalty to Denis Gauthier for Hooking.
9:23 of 3rd period - Dustin Penner wins face-off versus Samuel Pahlsson in Senators zone.
9:46 of 3rd period - Shot by Dustin Penner.
9:46 of 3rd period - Stopped by Chris Osgood without a rebound.
9:47 of 3rd period - Michal Handzus wins face-off versus Jason Spezza in Flyers zone.
10:02 of 3rd period - Shot by Mike Cammalleri.
10:02 of 3rd period - Stopped by Chris Osgood with a rebound.
10:23 of 3rd period - Off-side.
10:24 of 3rd period - Samuel Pahlsson wins face-off versus Antoine Vermette in neutral zone.
10:46 of 3rd period - Shot by Jean-Pierre Dumont.
10:46 of 3rd period - Shot Blocked by Branislav Mezei.
10:59 of 3rd period - Off-side.
11:00 of 3rd period - Jason Spezza wins face-off versus Samuel Pahlsson in neutral zone.
11:02 of 3rd period - Ilya Kovalchuk is hit by Jeff Friesen and loses puck.
11:23 of 3rd period - Shot by Patrick Eaves.
11:23 of 3rd period - Shot Blocked by Mike Knuble.
11:27 of 3rd period - Shot by Petr Prucha.
11:27 of 3rd period - Stopped by Chris Osgood without a rebound.
11:28 of 3rd period - Todd White wins face-off versus Antoine Vermette in Flyers zone.
11:35 of 3rd period - Shot by Keith Tkachuk.
11:35 of 3rd period - Stopped by Pascal Leclaire without a rebound.
11:36 of 3rd period - Todd White wins face-off versus Chris Kelly in Senators zone.
11:47 of 3rd period - Shot by Keith Tkachuk.
11:47 of 3rd period - Shot Misses the Net.
11:50 of 3rd period - Icing by Dan Hamhuis.
11:51 of 3rd period - Peter Forsberg wins face-off versus Chris Kelly in Senators zone.
12:21 of 3rd period - Icing by Wade Redden.
12:22 of 3rd period - Antoine Vermette wins face-off versus Peter Forsberg in Flyers zone.
12:25 of 3rd period - Shot by Ilya Kovalchuk.
12:25 of 3rd period - Goal by Ilya Kovalchuk - Flyers : 0 - Senators : 3.
12:26 of 3rd period - Todd White wins face-off versus Rostislav Olesz in neutral zone.
12:40 of 3rd period - Minor Penalty to Mike Knuble for Holding.
12:41 of 3rd period - Michal Handzus wins face-off versus Antoine Vermette in Flyers zone.
12:52 of 3rd period - Shot by Antoine Vermette.
12:52 of 3rd period - Stopped by Chris Osgood with a rebound.
12:54 of 3rd period - Shot by Anton Volchenkov.
12:54 of 3rd period - Stopped by Chris Osgood without a rebound.
12:55 of 3rd period - Samuel Pahlsson wins face-off versus Mike Cammalleri in Flyers zone.
12:55 of 3rd period - Pavel Kubina is hit by Ilya Kovalchuk and loses puck.
14:14 of 3rd period - Shot by Antoine Vermette.
14:14 of 3rd period - Stopped by Chris Osgood with a rebound.
14:29 of 3rd period - Off-side.
14:30 of 3rd period - Jason Spezza wins face-off versus Samuel Pahlsson in neutral zone.
14:33 of 3rd period - Shot by Ilya Kovalchuk.
14:33 of 3rd period - Shot Misses the Net.
14:35 of 3rd period - Shot by Jason Spezza.
14:35 of 3rd period - Stopped by Chris Osgood without a rebound.
14:36 of 3rd period - Jason Spezza wins face-off versus Samuel Pahlsson in Flyers zone.
15:15 of 3rd period - Shot by Mike Cammalleri.
15:15 of 3rd period - Stopped by Chris Osgood without a rebound.
15:16 of 3rd period - Chris Kelly wins face-off versus Peter Forsberg in Flyers zone.
15:30 of 3rd period - Shot by Patrick Eaves.
15:30 of 3rd period - Stopped by Chris Osgood with a rebound.
15:32 of 3rd period - Shot by Chris Kelly.
15:32 of 3rd period - Shot Misses the Net.
15:34 of 3rd period - Shot by Dan Hamhuis.
15:34 of 3rd period - Stopped by Chris Osgood without a rebound.
15:35 of 3rd period - Antoine Vermette wins face-off versus Michal Handzus in Flyers zone.
15:58 of 3rd period - Shot by Michal Handzus.
15:58 of 3rd period - Shot Misses the Net.
16:06 of 3rd period - Shot by Michal Handzus.
16:06 of 3rd period - Stopped by Pascal Leclaire without a rebound.
16:07 of 3rd period - Samuel Pahlsson wins face-off versus Peter Schaefer in Senators zone.
17:21 of 3rd period - Shot by Simon Gagne.
17:21 of 3rd period - Shot Misses the Net.
17:23 of 3rd period - Shot by Pavel Kubina.
17:23 of 3rd period - Stopped by Pascal Leclaire with a rebound.
17:32 of 3rd period - Tomas Holmstrom is hit by Jay Bouwmeester and loses puck.
17:53 of 3rd period - Shot by Mike Knuble.
17:53 of 3rd period - Shot Misses the Net.
17:55 of 3rd period - Shot by Todd White.
17:55 of 3rd period - Deflect By Mike Knuble.
17:55 of 3rd period - Shot Misses the Net.
17:59 of 3rd period - Shot by Keith Tkachuk.
17:59 of 3rd period - Stopped by Pascal Leclaire without a rebound.
18:00 of 3rd period - Michal Handzus wins face-off versus Antoine Vermette in Senators zone.
19:09 of 3rd period - Shot by Keith Tkachuk.
19:09 of 3rd period - Shot Misses the Net.
19:35 of 3rd period - Shot by Mike Knuble.
19:35 of 3rd period - Stopped by Pascal Leclaire without a rebound.
19:36 of 3rd period - Peter Forsberg wins face-off versus Rostislav Olesz in Senators zone.
19:46 of 3rd period - Peter Forsberg is hit by Anton Volchenkov and loses puck.
19:50 of 3rd period - Icing by Peter Schaefer.
19:51 of 3rd period - Samuel Pahlsson wins face-off versus Rostislav Olesz in Senators zone.


Output by the SimonT Hockey Simulator (STHS) for Stephane Roy -- Original Page W3C XHTML 1.0 Valid